 Dungeon Crawl Stone Soup version 0.25-a0-424-g80bd347ae0 (webtiles) character file.

Game seed: 5829501537424597062, levelgen mode: deterministic

8193 DannyTheDog the Grappler (level 11, -3/89 HPs)
             Began as a Grey Draconian Transmuter on Jan 23, 2020.
             Was an Elder of Wu Jian.
             Slain by an alligator simulacrum (32 damage)
             ... in an ice cave.
             The game lasted 01:50:50 (14779 turns).

DannyTheDog the Grappler (DrTm)                    Turns: 14779, Time: 01:50:50

Health: -3/89      AC: 16    Str: 18    XL:     11   Next: 6%
Magic:  19/20      EV: 15    Int: 14    God:    Wu Jian [****..]
Gold:   761        SH:  4    Dex: 11    Spells: 19/22 levels left

rFire    . . .     SeeInvis .     - Unarmed
rCold    . . .     Gourm    +   i - +0 buckler
rNeg     + . .     Faith    .   (armour unavailable)
rPois    .         Spirit   .   (helmet restricted)
rElec    .         Reflect  .   (no cloak)
rCorr    .         Harm     .   h - +0 pair of gloves
MR       .....                  B - +2 pair of boots
Stlth    ++........             D - amulet of the gourmand
HPRegen  0.24/turn              w - ring of positive energy
MPRegen  0.17/turn              G - +2 ring of strength

@: appendage, slowed, very slow
A: walk through water, unfitting armour, horns 2, unbreathing, cold-blooded, AC
+12
a: End Transformation, Wall Jump, Serpent's Lash, Renounce Religion


You were in an ice cave.
You worshipped Wu Jian.
Wu Jian was greatly pleased with you.
You were very full.
You had grown temporary horns.
You visited 1 branch of the dungeon, and saw 11 of its levels.
You also visited: Ice Cave.

You collected 761 gold pieces.

Inventory:

Missiles
 a - 236 arrows
Armour
 h - a +0 pair of gloves (worn)
 i - a +0 buckler (worn)
 B - a +2 pair of boots (worn)
Jewellery
 o - an uncursed ring of flight
 w - a ring of positive energy (left hand)
 D - an amulet of the gourmand (around neck)
 F - an uncursed ring of fire
 G - a +2 ring of strength (right hand)
Wands
 k - a wand of polymorph (2)
 q - a wand of random effects (79)
 u - a wand of flame (89)
Scrolls
 b - 2 scrolls of fear
 d - 6 scrolls of remove curse
 f - 3 scrolls of identify
 j - a scroll of immolation {unknown}
 m - a scroll of blinking {unknown}
 t - a scroll of noise {unknown}
 v - a scroll of fog
 x - 2 scrolls of teleportation
 y - a scroll of amnesia
 E - a scroll of torment {unknown}
 H - a scroll of summoning {unknown}
Potions
 e - 5 potions of degeneration {unknown}
 g - a potion of agility {unknown}
 l - 2 potions of might {unknown}
 n - 2 potions of cancellation {unknown}
 p - a potion of heal wounds {unknown}
 r - a potion of magic {unknown}
 s - 3 potions of lignification {unknown}
 z - a potion of curing
 A - a potion of haste {unknown}
 C - a potion of flight {unknown}
Comestibles
 c - 8 rations


   Skills:
 * Level 5.7 Fighting
 * Level 6.8 Dodging
 + Level 3.4 Stealth
 - Level 4.1 Shields
 + Level 10.7 Unarmed Combat
 + Level 6.2 Spellcasting
 + Level 6.2 Transmutations


You had 19 spell levels left.
You knew the following spells:

 Your Spells              Type           Power        Failure   Level  Hunger
a - Beastly Appendage     Tmut           ###...       1%          1    None
b - Sticks to Snakes      Tmut           ###.....     1%          2    #......

Your spell library contained the following spells:

 Spells                   Type           Power        Failure   Level  Hunger
 Spider Form              Tmut/Pois      ##........   13%         3    ###....
 Foxfire                  Conj/Fire      #...         16%         1    None
 Magic Dart               Conj           #...         16%         1    None
 Blink                    Tloc           N/A          24%         2    #......
 Call Imp                 Summ           #.......     24%         2    #......
 Slow                     Hex            #.......     24%         2    #......
 Blade Hands              Tmut           ###.......   32%         5    ######.
 Ice Form                 Ice/Tmut       ##......     38%         4    ####...
 Conjure Flame            Conj/Fire      #.......     43%         3    ###....
 Inner Flame              Hex/Fire       #.......     43%         3    ###....
 Mephitic Cloud           Conj/Pois/Air  #.......     43%         3    ###....
 Sticky Flame             Conj/Fire      #.......     83%         4    ####...
 Fireball                 Conj/Fire      #.........   99%         5    ######.


Dungeon Overview and Level Annotations

Branches:
Dungeon (11/15) Temple (0/1) D:6 Lair (0/6) D:10 D:11 IceCv (1/1) Orc: D:9-12

Altars:
Ashenzari
Dithmenos
Elyvilon
Fedhas
Kikubaaqudgha
Qazlal
Trog
Vehumet
Wu Jian
Yredelemnul
The Shining One
Beogh

Shops:
D:5 *:=

Annotations:
D:7 Prince Ribbit
D:8 1 runed translucent door, Ge0ff's ghost, novice FoTm


Innate Abilities, Weirdness & Mutations

You can walk through water.
Your dull iron-grey scales are very hard. (AC +12)
You cannot fit into any form of body armour.
You can survive without breathing.
You are cold-blooded and may be slowed by cold attacks.
You have a pair of horns on your head.


Message History

Confirm with . or Enter, or press ? or * to list all spells.
You grow a pair of large bovine horns.
You lunge at the alligator simulacrum.
You pummel the alligator simulacrum!!
Your tail-slap misses the alligator simulacrum.
The alligator simulacrum is severely damaged.
The alligator simulacrum bites you! The alligator simulacrum freezes you!!
You feel yourself slow down. The alligator simulacrum misses you.
The elephant simulacrum misses you.
The elephant simulacrum completely misses you.
You spin and attack the polar bear simulacrum.
You punch the polar bear simulacrum! You headbutt the polar bear simulacrum.
The polar bear simulacrum is heavily damaged.
You spin and attack the alligator simulacrum.
You barely miss the alligator simulacrum.
The alligator simulacrum is severely damaged.
The alligator simulacrum barely misses you.
The alligator simulacrum tail-slaps you.
The alligator simulacrum freezes you!!
You feel as though you will be slow longer.
You die... #. .## ..## ...## #...# ##.Z.# #ZZZ#

##@..##
##.....##
#...∩...#
#.......#
##..∩..##
##...##
#####


You could see an alligator simulacrum (pinned), an elephant simulacrum, a polar
bear simulacrum (pinned) and a swamp dragon simulacrum.

Vanquished Creatures
  An unseen horror (D:10)
  An ugly thing (D:10)
  A cyclops (D:10)
  Grinder (D:5)
  4 hippogriffs
  A spriggan (D:7)
  A wraith (D:10)
  A wyvern (D:9)
  Menkaure (D:5)
  A water moccasin (D:10)
  2 ice beasts (D:10)
  4 orc warriors
  A sky beast (D:5)
  2 phantoms
  A black bear (D:10)
  A hornet zombie (D:9)
  4 ogres
  4 centaurs
  A crocodile (D:9)
  6 bullfrogs
  A wyvern zombie (D:6)
  A wyvern skeleton (D:11)
  3 scorpions
  A water moccasin skeleton (D:9)
  4 killer bees (D:10)
  3 wights (D:6)
  3 howler monkeys
  9 crimson imps
  A jelly (D:10)
  6 hounds
  6 orc priests
  A bullfrog skeleton (D:5)
  2 centaur skeletons
  Ijyb (D:5)
  3 iguanas
  13 orc wizards
  11 worker ants
  2 hound skeletons
  2 worker ant zombies
  17 adders
  2 shadow imps
  12 white imps (D:11)
  4 oozes
  4 adder skeletons
  An adder zombie (D:3)
  3 worms (D:2)
  A dart slug (D:2)
  7 leopard geckos
  55 orcs
  8 giant cockroaches
  13 goblins
  10 hobgoblins
  10 jackals
  2 quokkas
  2 ball pythons (D:2)
  15 bats
  7 frilled lizards
  6 kobolds
  A leopard gecko zombie (D:7)
  A quokka skeleton (D:4)
  10 rats
  A spectral orc (D:4)
304 creatures vanquished.

Vanquished Creatures (collateral kills)
  A two-headed ogre (D:9)
  A killer bee (D:9)
  2 orcs
4 creatures vanquished.

Vanquished Creatures (others)
  An orc wizard (D:7)
1 creature vanquished.

Grand Total: 309 creatures vanquished

Notes
Turn   | Place    | Note
-------+----------+-------------------------------------------
     0 | D:1      | DannyTheDog the Draconian Transmuter began the quest for
                  | the Orb.
     0 | D:1      | Reached XP level 1. HP: 16/16 MP: 3/3
   108 | D:1      | Reached XP level 2. HP: 10/23 MP: 3/5
   902 | D:1      | Reached XP level 3. HP: 28/28 MP: 4/6
  1309 | D:2      | Reached skill level 4 in Unarmed Combat
  1392 | D:2      | Reached XP level 4. HP: 33/35 MP: 5/7
  2403 | D:2      | Reached XP level 5. HP: 40/41 MP: 6/8
  2638 | D:3      | Reached skill level 1 in Shields
  2928 | D:3      | Found an ornate altar of the Wu Jian Council.
  2996 | D:3      | Became a worshipper of the Wu Jian Council
  3039 | D:3      | Reached skill level 5 in Unarmed Combat
  3039 | D:3      | Reached XP level 6. HP: 42/48 MP: 7/9
  3740 | D:4      | Noticed a hippogriff
  4193 | D:4      | Found a shattered altar of Ashenzari.
  4582 | D:4      | Found a basalt altar of Yredelemnul.
  4720 | D:4      | Your scales start taking on a dull iron-grey colour.
  4720 | D:4      | Reached XP level 7. HP: 48/53 MP: 9/12
  4720 | D:4      | Gained mutation: You can survive without breathing. [Grey
                  | Draconian growth]
  4725 | D:4      | Reached skill level 1 in Stealth
  4726 | D:4      | Reached * piety under Wu Jian
  4806 | D:5      | Entered Level 5 of the Dungeon
  5160 | D:5      | Found Sulepnucw's Book Shoppe.
  5200 | D:5      | Found Mubboig's Assorted Antiques.
  5229 | D:5      | Found Miepah's Jewellery Emporium.
  5847 | D:5      | Noticed Ijyb
  5882 | D:5      | Killed Ijyb
  5908 | D:5      | Reached skill level 6 in Unarmed Combat
  5920 | D:5      | Noticed Grinder
  5923 | D:5      | Paralysed by Grinder for 5 turns
  5978 | D:5      | Reached XP level 8. HP: 35/61 MP: 12/14
  6096 | D:5      | Paralysed by Grinder for 7 turns
  6122 | D:5      | Killed Grinder
  6418 | D:5      | Noticed Menkaure
  6838 | D:5      | Killed Menkaure
  7135 | D:6      | Reached skill level 7 in Unarmed Combat
  7494 | D:6      | Found a shadowy altar of Dithmenos.
  7494 | D:6      | Found a bloodstained altar of Trog.
  7506 | D:6      | Found a stormy altar of Qazlal.
  7515 | D:6      | Found a staircase to the Ecumenical Temple.
  7537 | D:6      | Reached ** piety under Wu Jian
  7641 | D:6      | Reached XP level 9. HP: 66/68 MP: 14/16
  8025 | D:6      | Found an ancient bone altar of Kikubaaqudgha.
  8321 | D:6      | Found a glowing golden altar of the Shining One.
  8541 | D:7      | Reached skill level 8 in Unarmed Combat
  8825 | D:7      | Found a white marble altar of Elyvilon.
  8918 | D:7      | Noticed Prince Ribbit
  9233 | D:7      | Reached skill level 5 in Spellcasting
  9397 | D:7      | Found a radiant altar of Vehumet.
  9779 | D:8      | Reached skill level 5 in Transmutations
 10239 | D:8      | Reached skill level 9 in Unarmed Combat
 10310 | D:8      | Reached skill level 5 in Dodging
 10333 | D:8      | Reached *** piety under Wu Jian
 10350 | D:8      | Found a runed translucent door.
 10350 | D:8      | Noticed Ge0ff's ghost (novice FoTm)
 10985 | D:9      | Reached XP level 10. HP: 54/77 MP: 18/18
 11095 | D:9      | Found a blossoming altar of Fedhas.
 11155 | D:9      | Noticed a two-headed ogre
 11162 | D:9      | Learned a level 2 spell: Sticks to Snakes
 11193 | D:9      | Killed a two-headed ogre
 11391 | D:9      | Reached skill level 10 in Unarmed Combat
 11852 | D:10     | Entered Level 10 of the Dungeon
 12355 | D:10     | Reached **** piety under Wu Jian
 12468 | D:10     | Noticed a two-headed ogre
 12881 | D:10     | Killed an unseen horror
 13258 | D:10     | Reached skill level 5 in Fighting
 13506 | D:10     | Noticed a cyclops
 13934 | D:10     | Killed a cyclops
 14274 | D:10     | Found a roughly hewn altar of Beogh.
 14331 | D:11     | Found a staircase to the Lair.
 14338 | D:11     | Reached XP level 11. HP: 88/88 MP: 18/20
 14342 | D:11     | Noticed a purple ugly thing
 14359 | D:10     | Killed a purple ugly thing
 14766 | D:11     | Found a frozen archway.
 14766 | D:11     | Noticed a six-headed hydra
 14775 | IceCv    | Entered an ice cave
 14779 | IceCv    | Slain by an alligator simulacrum

Levels and vault maps discovered:
D:1:      elethiomel_arrival_maze, layout_basic, minmay_misc_feat_roman
D:2:      layout_rooms, first_ration
D:3:      layout_loops_ring, lemuel_doored_altar, serial_undead,
          serial_undead_e, serial_undead_c, serial_undead_a, serial_undead_f,
          grunt_decor_arrowhead
D:4:      layout_cave_pools, nicolae_ashenzari_panopticon,
          yredelemnul_forgotten_temple_becter
D:5:      kennysheep_six_static_rooms, layout_rooms,
          nicolae_overflow_hidden_temple, serial_shops, nicolae_shop_stone,
          shop_fountains, kennysheep_little_box, uniq_ijyb, uniq_menkaure,
          uniq_grinder
D:6:      layout_loops_cross, marbit_many_paths, tso_altar,
          gammafunk_temple_overflow_claw, minmay_temple_entry_statues_fountains
D:7:      layout_loops_cross, fiery_altar_vehumet, kennysheep_mini_moat,
          the_bakery, minmay_misc_feat_doors, uniq_prince_ribbit1
D:8:      layout_rooms, gammafunk_ghost_grave, minmay_holes
D:9:      layout_irregular_city, lemuel_round_altar, hex_large
D:10:     layout_loops_ring, special_room [special_room_orc]
D:11:     layout_small_grid, lair_entry_dummy, enter_trove_5,
          portal_ice_cave_entry_imps
IceCv:    ice_cave_small_necro

Skill      XL: |  1  2  3  4  5  6  7  8  9 10 |
---------------+-------------------------------+-----
Dodging        | 2 3 4 5 6 |  6.8
Unarmed Combat | 4 5 6 7 9 10 | 10.7
Shields        | 2 3 4 |  4.1
Spellcasting   | 3 4 5 6 |  6.2
Transmutations | 3 4 5 6 |  6.2
Stealth        | 1 3 |  3.4
Fighting       | 2 3 5 |  5.7

Action                   |  1- 3 |  4- 6 |  7- 9 | 10-12 || total
-------------------------+-------+-------+-------+-------++-------
Melee: Unarmed           |   139 |   308 |   604 |   367 ||  1418
       Tailslap          |    11 |    31 |    83 |    46 ||   171
       Kick              |     9 |    13 |    49 |       ||    71
       Punch             |     1 |       |       |       ||     1
       Headbutt          |       |    13 |    68 |    51 ||   132
 Cast: Beastly Appendage |    13 |    38 |    65 |    37 ||   153
       Sticks to Snakes  |       |       |       |    25 ||    25
Invok: Lunge             |       |    17 |    62 |    35 ||   114
       Whirlwind         |       |       |    86 |   105 ||   191
 Abil: Wall Jump         |       |       |    22 |    13 ||    35
Evoke: Wand              |       |     1 |       |       ||     1
  Use: Scroll            |     1 |     5 |     4 |     5 ||    15
       Potion            |       |       |     6 |       ||     6
 Stab: Sleeping          |       |     1 |     6 |     1 ||     8
       Distracted        |       |       |       |     2 ||     2
  Eat: Chunk             |     1 |     7 |     7 |    15 ||    30
       Ration            |     1 |     1 |     4 |     1 ||     7
Armor: Skin              |    54 |    81 |   157 |    97 ||   389
Dodge: Dodged            |   123 |   170 |   257 |   199 ||   749
Block: Buckler           |     7 |    37 |    66 |    65 ||   175

Table legend:
 A = Non-vault XP
 B = Vault XP
 C = Vault XP percentage of total XP
 D = Non-vault monster count
 E = Vault monster count
 F = Vault count percentage of total count
                 A         B        C        D         E       F
            +---------+---------+-------+---------+---------+-------
      Total |   10113 |    1592 |  13.6 |     261 |      48 |  15.5
            +---------+---------+-------+---------+---------+-------
        D:1 |      63 |       0 |   0.0 |      36 |       0 |   0.0
        D:2 |     150 |       0 |   0.0 |      32 |       0 |   0.0
        D:3 |     197 |      76 |  27.8 |      37 |       6 |  14.0
        D:4 |     335 |       1 |   0.3 |      13 |       1 |   7.1
        D:5 |     796 |     573 |  41.9 |      27 |       7 |  20.6
        D:6 |     899 |      13 |   1.4 |      18 |       1 |   5.3
        D:7 |     352 |     224 |  38.9 |      17 |       1 |   5.6
        D:8 |    1152 |       0 |   0.0 |      17 |       0 |   0.0
        D:9 |    2440 |       0 |   0.0 |      34 |       0 |   0.0
       D:10 |    3653 |     582 |  13.7 |      29 |      20 |  40.8
       D:11 |      76 |     123 |  61.8 |       1 |      12 |  92.3
            +---------+---------+-------+---------+---------+-------
